 Dungeon Crawl Stone Soup version 0.30-a0-389-g8d7d949f56 (webtiles) character file.

Game seed: 276230211355744756

147 Drevant2 the Shield-Bearer (level 5, -1/45 HPs)
             Began as a Formicid Fighter on Dec 3, 2022.
             Slain by a quokka (3 damage)
             ... on level 3 of the Dungeon.
             The game lasted 00:03:59 (2275 turns).

Drevant2 the Shield-Bearer (Formicid Fighter)       Turns: 2275, Time: 00:04:00

Health: -1/45      AC: 10    Str: 21    XL:     5   Next: 54%
Magic:  5/5        EV:  9    Int:  7    God:
Gold:   120        SH:  5    Dex: 15    Spells: 4/4 levels left

rFire   . . .      SeeInvis +    a - +0 flail
rCold   + . .      Faith    .    c - +0 buckler
rNeg    . . .      Spirit   .    b - +0 scale mail
rPois   .          Reflect  .    (helmet unavailable)
rElec   .          Harm     .    (no cloak)
rCorr   .          Rampage  .    (no gloves)
Will    .....                    (no boots)
Stlth   ..........               (no amulet)
HPRegen 0.27/turn                h - +4 ring of protection
MPRegen 0.09/turn                n - ring of protection from cold

@: mighty
A: permanent stasis, dig shafts and tunnels, antennae 3, four strong arms, sense
surroundings 1, robust 1, MP-powered wands
a: Dig, Shaft Self


You were on level 3 of the Dungeon.
You visited 1 branch of the dungeon, and saw 3 of its levels.

You collected 120 gold pieces.

Inventory:

Hand Weapons
 a - a +0 flail (weapon)
Armour
 b - a +0 scale mail (worn)
 c - a +0 buckler (worn)
Jewellery
 h - a +4 ring of protection (left hand)
 n - a ring of protection from cold (right hand)
Scrolls
 e - a scroll of identify {unknown}
 i - 3 scrolls of torment {unknown}
 j - 2 scrolls of teleportation {unknown}
 k - a scroll of noise {unknown}
 l - a scroll of magic mapping {unknown}
 m - a scroll of fear {unknown}
 o - a scroll of immolation {unknown}


   Skills:
 - Level 3.2 Fighting
 * Level 4.5 Maces & Flails
 - Level 3.2 Armour
 + Level 5.4 Shields


You had 4 spell levels left.
You didn't know any spells.
Your spell library was empty.

Dungeon Overview and Level Annotations

Branches:
Dungeon (3/15)

Altars:
The Shining One


Innate Abilities, Weirdness & Mutations

You cannot be hasted, slowed, berserked, paralysed or teleported.
You can dig through walls and to a lower floor.
You have a pair of large antennae on your head. (SInv)
Your four strong arms can wield two-handed weapons with a shield.
You passively map a small area around you.
You are robust. (+10% HP)
You expend magic power (3 MP) to strengthen your wands.


Message History

The orc is heavily wounded.
The orc hits you but does no damage. The orc closely misses you.
You sock the orc!
You kill the orc!
The orc hits you but does no damage. You block the orc's attack.
The orc priest hits you with a +0 dagger.
You hit the orc priest.
The orc priest is moderately wounded.
The orc hits you but does no damage. The orc priest closely misses you.
You hit the orc priest.
The orc priest is heavily wounded.
The orc closely misses you.
The orc priest invokes the aid of Beogh against you.
Pain shoots through your body!
* * * LOW HITPOINT WARNING * * *
You hit the orc priest.
The orc priest is almost dead.
The orc hits you but does no damage. The orc priest barely misses you.
You closely miss the orc priest.
The orc priest is almost dead.
The orc priest invokes the aid of Beogh against you.
Beogh smites you!
* * * LOW HITPOINT WARNING * * *
The orc closely misses you.
The quokka twitches its whiskers.
You sock the orc priest!
You kill the orc priest!
The orc hits you with a +0 flail.
* * * LOW HITPOINT WARNING * * *
The orc barely misses you. You block the quokka's attack.
It was a potion of mutation.
You feel extremely strange.
You feel your magical essence link to the dungeon's wands.
You feel a strange attunement to the structure of the dungeons.
You feel robust. The quokka closely misses you. The orc barely misses you.
You hit the orc.
The orc is moderately wounded.
You hear the drain falling apart.
The quokka bites you.
You die...

#######.# .....#.....#
........# #........⌠.#
..........#
#........... ,
##########.# #........#
#....# #.# #..⌠..o# *
#....# #.#### #...# .,
#....# ##....###.###...
#....# #......##.#....r
#....# #.....o@r...# ,
,
##....####.....#######.
#......................
.......########...#####
, .#.###.# #...# , ...#
#.# #...#
.#.###.########...#
...#..........#...# ,
.....##########...# * ,


You could see an orc and a quokka.

Vanquished Creatures
  An orc priest (D:3)
  5 adders
  A worm (D:2)
  A dart slug (D:2)
  2 orcs (D:3)
  5 ball pythons (D:1)
  4 bats
  4 endoplasms
  A giant cockroach (D:3)
  14 goblins
  4 hobgoblins
  4 jackals (D:2)
  5 kobolds
  2 quokkas
  2 frilled lizards
  4 rats
59 creatures vanquished.

Notes
Turn   | Place    | Note
-------+----------+-------------------------------------------
     0 | D:1      | Drevant2 the Formicid Fighter began the quest for the Orb.
     0 | D:1      | Reached XP level 1. HP: 18/18 MP: 1/1
   193 | D:1      | Found a faded altar of an unknown god.
   198 | D:1      | Reached XP level 2. HP: 24/24 MP: 2/2
   478 | D:1      | Reached XP level 3. HP: 29/29 MP: 3/3
   863 | D:2      | Found a glowing golden altar of the Shining One.
  1263 | D:2      | Reached XP level 4. HP: 35/35 MP: 4/4
  1901 | D:3      | Reached skill level 5 in Shields
  1977 | D:3      | Reached XP level 5. HP: 41/41 MP: 5/5
  2273 | D:3      | HP: 1/41 [orc/+0 flail (2)]
  2274 | D:3      | Gained mutation: You expend magic power (3 MP) to
                  | strengthen your wands. [potion of mutation]
  2274 | D:3      | Gained mutation: You passively map a small area around you.
                  | [potion of mutation]
  2274 | D:3      | Gained mutation: You are robust. (+10% HP) [potion of
                  | mutation]
  2275 | D:3      | Slain by a quokka

Illustrated notes

Levels and vault maps discovered:
D:1:      dpeg_arrival_simpleton_b, layout_basic,
          hellmonk_ecumenical_altar_crossroads, minmay_misc_feat_doors
D:2:      layout_loops_ring, basic_altar
D:3:      minmay_skewed_foursquare, layout_basic, gup_sewer_entry_spiral,
          serial_co_window_serial, co_window_of_opportunity_a,
          co_window_paths_a, co_window_paths_a, co_window_paths_a,
          co_window_paths_a, co_window_broadway_c, co_window_cross_3,
          co_window_broadway_b, co_window_of_opportunity_b,
          co_window_unsneaky_path_a, co_window_corner_cb,
          co_window_unsneaky_path_d, glass_columns_c, glass_columns_a,
          glass_columns_c, glass_columns_a, minmay_goblin_outpost

Skill      XL: |  1  2  3  4 |
---------------+-------------+-----
Maces & Flails | 3 4 |  4.5
Shields        | 5 |  5.4
Fighting       | |  3.2
Armour         | |  3.2

Action                   |  1- 3 |  4- 6 || total
-------------------------+-------+-------++-------
Melee: Flail             |   112 |    93 ||   205
  Use: Potion            |       |     3 ||     3
Armor: Scale mail        |    52 |    60 ||   112
Dodge: Dodged            |    42 |    40 ||    82
Block: Buckler           |    28 |    27 ||    55

Table legend: (Time is in decaauts)
 A = Elapsed time spent in this place.
 B = Non-inter-level travel time spent in this place.
 C = Inter-level travel time spent in this place.
 D = Time resting spent in this place.
 E = Time spent auto-exploring this place.
 F = Levels seen in this place.
 G = Mean time per level.
                   A        B        C        D        E       F      G
               +--------+--------+--------+--------+--------+-----+--------+
         Total |   2326 |   2257 |     69 |     66 |   1726 |   3 |  775.3 |
       Dungeon |   2326 |   2257 |     69 |     66 |   1726 |   3 |  775.3 |
               +--------+--------+--------+--------+--------+-----+--------+

Top non-repeatable levels by time:
     D:1: 829 daAuts
     D:2: 774 daAuts
     D:3: 722 daAuts
